 Dungeon Crawl Stone Soup version 0.25.1-2-g60ff931df9 (webtiles) character file.

Game seed: 15942909494031416254

375 Martska the Poker (level 6, -1/49 HPs)
             Began as a Merfolk Gladiator on Aug 15, 2020.
             Succumbed to Ijyb's poison
             ... while paralysed by Ijyb
             ... on level 5 of the Dungeon.
             The game lasted 00:06:43 (4553 turns).

Martska the Poker (Merfolk Gladiator)               Turns: 4553, Time: 00:06:44

Health: -1/49      AC:  5    Str: 13 (14) XL:     6   Next: 73%
Magic:  9/9        EV:  2    Int: 10      God:
Gold:   79         SH:  0    Dex: 13 (15) Spells: 9/9 levels left

rFire    . . .     SeeInvis .   a - +0 trident
rCold    . . .     Gourm    .   o - +2 kite shield
rNeg     . . .     Faith    .   b - +0 leather armour
rPois    .         Spirit   .   c - +0 helmet
rElec    .         Reflect  .   (no cloak)
rCorr    .         Harm     .   j - +0 pair of gloves
MR       +....                  (no boots)
Stlth    +.........             (no amulet)
HPRegen  0.16/turn              e - ring of protection from magic
MPRegen  0.11/turn              (no ring)

@: paralysed, lethally poisoned (-1 -> -30)
A: change form in water, swift swim, stealthy swim
a: no special abilities


You were on level 5 of the Dungeon.
You were not hungry.

You visited 1 branch of the dungeon, and saw 5 of its levels.

You collected 219 gold pieces.
You spent 140 gold pieces at shops.

Inventory:

Hand Weapons
 a - a +0 trident (weapon)
 g - a +0 halberd
Missiles
 d - 3 throwing nets (quivered)
Armour
 b - a +0 leather armour (worn)
 c - a +0 helmet (worn)
 j - a +0 pair of gloves (worn)
 o - a +2 kite shield (worn)
Jewellery
 e - a ring of protection from magic (left hand)
Scrolls
 i - 2 scrolls of teleportation {unknown}
 l - 5 scrolls of remove curse {unknown}
 n - 3 scrolls of identify {unknown}
 p - a scroll of magic mapping {unknown}
 q - a scroll of immolation {unknown}
Potions
 m - a potion of brilliance {unknown}
 r - 2 potions of heal wounds
 s - a potion of might
Comestibles
 f - 6 rations


   Skills:
 * Level 4.4 Fighting
 * Level 6.7 Polearms
 - Level 2.0 Throwing
 + Level 0.9 Armour
 + Level 5.2 Dodging
 + Level 1.1 Shields
 + Level 2.0 Spellcasting


You had 9 spell levels left.
You didn't know any spells.
Your spell library contained the following spells:

 Spells                   Type           Power        Failure   Level  Hunger
 Confusing Touch          Hex            #.......     100%        3    ####...
 Gell's Gravitas          Tloc           #.........   100%        3    ####...
 Petrify                  Tmut/Erth      #.......     100%        4    #####..
 Metabolic Englaciation   Hex/Ice        #.........   100%        5    ######.
 Yara's Violent Unravell  Hex/Tmut       #.........   100%        5    ######.


Dungeon Overview and Level Annotations

Branches:
Dungeon (5/15)
 Temple: D:4-7

Altars:
Cheibriados
Dithmenos

Shops:
D:4 [!*

Annotations:
D:5 Ijyb


Message History

A shadow imp comes into view.
Ijyb hits you with a +4 dagger of venom.
You are lethally poisoned!
You feel sick.
The shadow imp shouts, "Turn tail, thou qualling unchin-snouted pot-faker!"
You hear a shout!
Ijyb screams, "I no like you!"
Ijyb hits you with a +4 dagger of venom.
* * * LOW HITPOINT WARNING * * *
* * * LOW HITPOINT WARNING * * *
You feel sick.
Ijyb hits you with a +4 dagger of venom.
* * * LOW HITPOINT WARNING * * *
You are more poisoned.
* * * LOW HITPOINT WARNING * * *
You feel very sick. The shadow imp gestures at you.
You resist with some effort.
Ijyb zaps a wand.
You resist with almost no effort.
You die...

.........### .
...........#
...........#. ...
........ ....
.$... . #..###..#
####..
#.....#.###......
#......g........
##..##..@.......
..... #####......
#...... ....#
#..##.. 5..# ..
##. ..# . .. .<
.. .


You could see Ijyb and a shadow imp.

Vanquished Creatures
  A centaur (D:4)
  A scorpion (D:4)
  A hound (D:4)
  2 worker ants (D:4)
  4 gnolls (D:3)
  3 adders
  A worm (D:3)
  3 dart slugs
  4 leopard geckos
  6 orcs
  3 giant cockroaches
  10 goblins
  14 hobgoblins
  2 jackals (D:3)
  5 kobolds
  4 quokkas
  11 bats
  4 frilled lizards
  10 rats
89 creatures vanquished.

Notes
Turn   | Place    | Note
-------+----------+-------------------------------------------
     0 | D:1      | Martska the Merfolk Gladiator began the quest for the Orb.
     0 | D:1      | Reached XP level 1. HP: 16/16 MP: 1/1
   205 | D:1      | Reached XP level 2. HP: 23/23 MP: 2/2
   694 | D:2      | Reached skill level 5 in Polearms
   694 | D:2      | Reached XP level 3. HP: 4/28 MP: 3/3
  1751 | D:2      | Reached skill level 1 in Spellcasting
  1751 | D:2      | Reached XP level 4. HP: 27/35 MP: 5/5
  2264 | D:3      | Reached XP level 5. HP: 13/41 MP: 5/7
  2473 | D:3      | Found a shadowy altar of Dithmenos.
  2961 | D:3      | Reached skill level 6 in Polearms
  2989 | D:3      | Found a snail-covered altar of Cheibriados.
  3063 | D:4      | Found Abbej's Antique Armour Shoppe.
  3265 | D:4      | Noticed a centaur
  3273 | D:4      | Killed a centaur
  3273 | D:4      | Reached skill level 5 in Dodging
  3273 | D:4      | Reached XP level 6. HP: 25/48 MP: 8/8
  3477 | D:4      | Found Daimpo Atta's General Store.
  3888 | D:4      | Found Nocaqeot's Distillery.
  4007 | D:4      | Bought 2 potions of heal wounds for 100 gold pieces
  4007 | D:4      | Bought a potion of might for 40 gold pieces
  4011 | D:5      | Entered Level 5 of the Dungeon
  4013 | D:5      | Noticed Ijyb
  4035 | D:4      | Reached skill level 1 in Shields
  4548 | D:5      | Paralysed by Ijyb for 7 turns
  4552 | D:5      | HP: 1/49 [poisoned by Ijyb]
  4553 | D:5      | Succumbed to Ijyb's poison

Illustrated notes

Levels and vault maps discovered:
D:1:      heliophobic_arrival_enchanted_forest, layout_basic
D:2:      cheibrodos_greedy_goblins, layout_basic
D:3:      layout_rooms, nicolae_dithmenos_shadow_blocks, serial_glass,
          glass_columns_b, glass_columns_a, kennysheep_slug_shrine
D:4:      layout_gridville, serial_shops, nicolae_shop_behind_doors,
          nicolae_shop_crystal, nicolae_shop_stone
D:5:      layout_rooms, gammafunk_temple_overflow_pools, kennysheep_little_box,
          first_ration, glass_columns_a, uniq_ijyb, uniq_menkaure, uniq_edmund

Skill      XL: |  1  2  3  4  5  6 |
---------------+-------------------+-----
Polearms       | 5 6 |  6.7
Fighting       | 3 4 |  4.4
Spellcasting   | 1 2 |  2.0
Dodging        | 5 |  5.2
Shields        | 1 |  1.1
Throwing       | |  2.0
Armour         | |  0.9

Action                   |  1- 3 |  4- 6 || total
-------------------------+-------+-------++-------
Melee: Trident           |   129 |   154 ||   283
       Halberd           |       |    61 ||    61
  Use: Potion            |       |     7 ||     7
 Stab: Invisible         |       |     2 ||     2
       Sleeping          |       |     1 ||     1
  Eat: Chunk             |     3 |     7 ||    10
       Ration            |       |     1 ||     1
Armor: Leather armour    |    42 |    45 ||    87
       Skin              |       |    11 ||    11
Dodge: Dodged            |    97 |   105 ||   202
Block: Kite shield       |       |    51 ||    51
